 Dungeon Crawl Stone Soup version 0.18-a0-1639-g7533f42 (webtiles) character file.

96459 George the Champion of Chaos (level 15, -2/111 HPs)
             Began as a Demonspawn Gladiator on Mar 27, 2016.
             Was the Champion of Makhleb.
             Killed by drain life
             ... invoked by a soul eater
              (10 damage)
             ... on level 2 of the Orcish Mines.
             The game lasted 01:15:29 (20830 turns).

George the Champion of Chaos (DsGl)                Turns: 20830, Time: 01:15:30

Health: -2/111     AC: 43    Str: 23    XL:     15   Next: 69%
Magic:  27/27      EV:  6    Int: 20    God:    Makhleb [******]
Gold:   2829       SH:  4    Dex:  9    Spells: 2 memorised, 8 levels left

rFire  + . .     SeeInvis +     C - +0 hand axe (flame)
rCold  + . .     Gourm    .     W - +14 plate armour of the Storm King {Int+6 Dex-3 Stlth+}
rNeg   . . .     Faith    .     E - +2 buckler
rPois  .         Spirit   .     (helmet unavailable)
rElec  .         Dismiss  .     X - +0 cloak
rCorr  .         Reflect  .     Q - +2 pair of gloves {Str+3}
SustAt .         Harm     .     K - +2 pair of boots {Stlth+}
MR     +....                    S - amulet of regeneration
Stlth  ..........               M - +2 ring of slaying
                                r - ring of the Original Sin {+Fly Int+4 Dex-3 SInv}

@: heavily drained, somewhat resistant to hostile enchantments, extremely
unstealthy
A: horns 3, iridescent scales 2, cold resistance 1, fire resistance 1, frail 1,
foul stench 2, spiny 1, rot immunity
a: Minor Destruction, Lesser Servant of Makhleb, Major Destruction, Greater
Servant of Makhleb, Renounce Religion, Evoke Flight


You were on level 2 of the Orcish Mines.
You worshipped Makhleb.
Makhleb was exalted by your worship.
You were not hungry.

You visited 4 branches of the dungeon, and saw 23 of its levels.
You also visited: Ice Cave and Volcano.

You collected 2879 gold pieces.
You spent 50 gold pieces at shops.

Inventory:

Hand Weapons
 C - a +0 hand axe of flaming (weapon)
 D - a +2 war axe
Missiles
 d - 6 throwing nets (quivered)
Armour
 E - a +2 buckler (worn)
 K - a +2 pair of boots of stealth (worn)
 Q - a +2 pair of gloves of strength (worn)
 W - the +14 plate armour of the Storm King (worn) {Int+6 Dex-3 Stlth+}
   (You found it on level 8 of the Dungeon)

   It affects your intelligence (+6).
   It affects your dexterity (-3).
   It makes you more stealthy.
 X - a +0 cloak (worn)
Jewellery
 c - an uncursed ring of protection from cold
 r - the ring of the Original Sin (left hand) {+Fly Int+4 Dex-3 SInv}
   (You found it in an ice cave)

   [ring of flight]

   It affects your intelligence (+4).
   It affects your dexterity (-3).
   It lets you see invisible.
   It lets you fly.
 H - an uncursed ring of resist corrosion
 M - a +2 ring of slaying (right hand)
 S - an amulet of regeneration (around neck)
Wands
 e - a wand of slowing (10/48)
 i - a wand of lightning (0/15)
 p - a wand of lightning (9/15)
 t - a wand of acid (3/15)
 y - a wand of teleportation (3/9)
 T - a wand of iceblast (2/15)
 V - a wand of lightning (14/15)
Scrolls
 g - 6 scrolls of recharging
 j - 8 scrolls of teleportation
 x - 4 scrolls of enchant weapon
 z - a scroll of fog
 F - 9 scrolls of remove curse
 J - 3 scrolls of immolation
 L - a scroll of silence
 Y - a scroll of fear
 Z - 2 scrolls of magic mapping
Potions
 h - 7 potions of haste
 k - 4 potions of agility
 l - 8 potions of curing
 q - 2 potions of flight
 s - a potion of cure mutation
 v - 4 potions of might
 w - 3 potions of berserk rage
 A - 4 potions of ambrosia
 I - 4 potions of heal wounds
 P - 2 potions of mutation
 R - 2 potions of resistance
Books
 O - a book of Battle

   Spells                             Type                      Level
   a - Infusion                       Charms                       1
   b - Shroud of Golubria             Charms/Translocation         2
   c - Song of Slaying                Charms                       2
   d - Spectral Weapon                Hexes/Charms                 3
   e - Regeneration                   Charms/Necromancy            3
Miscellaneous
 G - a fan of gales
Comestibles
 f - 14 bread rations
 n - 11 slices of pizza
 o - 7 beef jerkies
 u - 43 fruits
 B - a chunk of flesh
 N - 7 meat rations
 U - 2 royal jellies


   Skills:
 + Level 13.3(11.4) Fighting
 + Level 15.2(13.2) Axes
 - Level 1.7(0.3) Throwing
 + Level 12.3(10.3) Armour
 - Level 2.6(1.2) Dodging
 + Level 16.2(14.1) Invocations


You had 8 spell levels left.
You knew the following spells:

 Your Spells              Type           Power        Failure   Level  Hunger
a - Regeneration          Chrm/Necr      #.........   100%        3    ####...
b - Spectral Weapon       Hex/Chrm       #.......     100%        3    ####...


Dungeon Overview and Level Annotations

Branches:
Dungeon (12/15)            Temple (1/1) D:7            Lair (8/8) D:9
 Shoals (0/4) Lair:3        Snake (0/4) Lair:6        Slime (0/6) Lair:6
    Orc (2/2) D:10            Elf (0/3) Orc:2

Altars:
Ashenzari
Cheibriados
Dithmenos
Elyvilon
Fedhas
Gozag
Kikubaaqudgha
Makhleb
Nemelex Xobeh
Okawaru
Pakellas
Qazlal
Ru
Sif Muna
Trog
Vehumet
Xom
Yredelemnul
Zin
The Shining One

Shops:
D:5 !:?[   D:7 }   D:8 !   D:12 }   Orc:1 =   Orc:2 }%%

Annotations:
D:6 rC
D:7 Sargon's ghost, novice GrFi


Innate Abilities, Weirdness & Mutations

You have a pair of large horns on your head.
You are mostly covered in iridescent scales (AC +6).
You frequently emit foul miasma when damaged in melee.
You are partially covered in sharp spines.
You are immune to rotting.
Your flesh is cold resistant.
Your flesh is heat resistant.
You are frail (-10% HP).


Message History

You hear a shout!
An orc warrior comes into view. It is wielding a war axe.
The orc warrior shouts!
The orc warrior throws a tomahawk.
The tomahawk hits you.
* * * LOW HITPOINT WARNING * * *
You see here a tomahawk.
Evoke which item? (* to show all) (? for menu, Esc to quit)
Zapping:
i - a wand of lightning {zapped: 7} (will waste charges)
Press: ? - help, Shift-Dir - straight line, f - orc warrior
Aim: an orc warrior, wielding a halberd and wearing a plate armour (moderately wounded) Nothing appears to happen.
The orc warrior throws a tomahawk.
The tomahawk hits you.
* * * LOW HITPOINT WARNING * * *
The soul eater draws from the surrounding life force!
* * * LOW HITPOINT WARNING * * *
The soul eater is healed.
An orc warrior comes into view. It is wielding a hand axe.
The orc warrior throws a tomahawk.
You block the tomahawk.
The soul eater draws from the surrounding life force!
You die...

####..#......##.###..## ##...
#...#.....#####).###. ###.
##...#.#...###))###..o ##
#...####..###)[###...# # ##.##
#..###[)###...# ###
#####........# ##....#..o##
##...#....## ### ##∩.#..@..##
##.###.....#.(## .
#...###∩.#....3## ..
##..####...#....## #.#
###...####....#..o## #3.. #
##.##.#..###..[.[.o.## #o..#
###...#.##..###.[###...##
##.o.#
.###.#.......###[.###..)###...#
.##...#.....#####..###...#...##


You could see an orc knight, a soul eater and 2 orc warriors.

Vanquished Creatures
  Gastronok (Lair:2)
  A stone giant (Orc:1)
  Nessos (Lair:7)
  Harold (Lair:4)
  2 ice dragons (IceCv)
  12 hydras
  A catoblepas (Lair:1)
  Erica (Lair:2)
  A centaur warrior (D:12)
  16 death yaks
  Urug (Volcano)
  Sonja (Lair:1)
  A hill giant (D:11)
  An orc knight (Orc:2)
  An oklob plant (Lair:7)
  6 statues (Volcano)
  2 ugly things
  4 orc sorcerers (Orc:2)
  A sixfirhy (Orc:2)
  4 griffons
  A cyclops (D:11)
  7 elephants (Lair:8)
  2 ice statues (IceCv)
  Maurice (D:11)
  8 torpor snails
  An orange demon (Orc:2)
  12 black mambas
  11 spiny frogs
  A gargoyle (D:12)
  13 rime drakes
  11 komodo dragons
  An ice devil (Orc:2)
  2 spriggan druids
  2 trolls
  3 polar bears
  3 slime creatures (D:12)
  20 blink frogs
  14 spriggans (Lair:8)
  4 redbacks (Lair:8)
  6 basilisks
  A wraith (D:11)
  45 yaks
  8 wyverns
  4 fire bats (Volcano)
  Grum (D:11)
  2 hungry ghosts (D:8)
  14 hippogriffs
  A warg (Orc:2)
  A mottled dragon (D:11)
  2 hell hounds (Lair:2)
  22 water moccasins
  7 porcupines
  27 orc warriors
  25 ice beasts
  3 sky beasts
  4 wasps (Lair:8)
  9 black bears
  2 phantoms (D:7)
  A necrophage (D:6)
  10 ogres
  29 wolves
  13 centaurs
  16 crocodiles
  4 big kobolds
  19 giant frogs
  A gnoll sergeant (D:5)
  2 scorpions
  5 killer bees (D:11)
  8 wights (D:11)
  5 electric eels
  A centaur zombie (D:6)
  7 howler monkeys
  4 crimson imps
  8 lava snakes (Volcano)
  A jelly (D:11)
  8 hounds
  A gnoll shaman (D:6)
  22 orc priests
  3 giant frog skeletons
  18 orc wizards
  11 iguanas
  9 worker ants
  24 sheep
  3 hound skeletons
  2 howler monkey zombies
  A worker ant zombie (D:8)
  12 adders
  10 gnolls
  60 river rats
  5 shadow imps
  2 oozes
  4 worms
  A dart slug (D:3)
  8 giant geckos
  62 orcs
  3 ball pythons
  10 bats
  5 giant cockroaches
  9 goblins
  8 hobgoblins
  8 jackals
  3 quokkas
  A giant gecko skeleton (D:7)
  A giant gecko zombie (D:6)
  7 giant newts
  14 kobolds
  A quokka skeleton (D:5)
  10 rats
  3 fungi
  2 plants
845 creatures vanquished.

Vanquished Creatures (others)
  9 fungi
  4 plants
13 creatures vanquished.

Grand Total: 858 creatures vanquished

Notes
Turn   | Place    | Note
--------------------------------------------------------------
     0 | D:1      | George the Demonspawn Gladiator began the quest for the Orb.
     0 | D:1      | Reached XP level 1. HP: 16/16 MP: 1/1
    54 | D:1      | Gained mutation: You are immune to rotting. [demonic ancestry]
    54 | D:1      | Reached XP level 2. HP: 19/22 MP: 2/2
   718 | D:1      | Gained mutation: You may emit foul miasma when damaged in melee. [demonic ancestry]
   718 | D:1      | Reached XP level 3. HP: 24/27 MP: 3/3
  1295 | D:2      | Reached XP level 4. HP: 33/33 MP: 4/4
  1891 | D:3      | Found a glowing golden altar of the Shining One.
  1893 | D:3      | Noticed an angel
  1982 | D:3      | Reached skill level 5 in Axes
  2043 | D:3      | Gained mutation: You are partially covered in iridescent scales (AC +4). [demonic ancestry]
  2043 | D:3      | Reached XP level 5. HP: 28/38 MP: 5/5
  2794 | D:3      | Found a basalt altar of Yredelemnul.
  2933 | D:4      | Found a stormy altar of Qazlal.
  2936 | D:4      | Found a blossoming altar of Fedhas.
  2958 | D:4      | Reached XP level 6. HP: 32/44 MP: 6/6
  3528 | D:5      | Entered Level 5 of the Dungeon
  3540 | D:5      | Found Jiduufirig's Armour Shop.
  3882 | D:5      | Reached XP level 7. HP: 15/50 MP: 7/7
  4076 | D:5      | Found Geisch's Magic Scroll Shoppe.
  4076 | D:5      | Found Imyforen's Book Shop.
  4378 | D:5      | Found Xumaiq's Distillery.
  4383 | D:5      | Bought a potion of heal wounds for 50 gold pieces
  5059 | D:6      | Gained mutation: You are partially covered in sharp spines. [demonic ancestry]
  5059 | D:6      | Reached XP level 8. HP: 50/56 MP: 8/8
  5343 | D:6      | Reached skill level 10 in Axes
  5553 | D:6      | Found an iron altar of Okawaru.
  5638 | D:7      | Found a staircase to the Ecumenical Temple.
  5644 | Temple   | Entered the Ecumenical Temple
  5648 | Temple   | Became a worshipper of Makhleb the Destroyer
  5770 | D:7      | Reached skill level 1 in Invocations
  5841 | D:7      | Reached skill level 1 in Armour
  5865 | D:7      | Found Saiwawuy's Gadget Shoppe.
  6036 | D:7      | Reached skill level 2 in Invocations
  6096 | D:7      | Noticed Sargon's ghost (novice GrFi)
  6656 | D:8      | Reached skill level 3 in Invocations
  6656 | D:8      | Gained mutation: You have a pair of small horns on your head. [demonic ancestry]
  6656 | D:8      | Reached XP level 9. HP: 56/64 MP: 11/11
  6664 | D:8      | Found a deep blue altar of Sif Muna.
  6787 | D:8      | Found a bloodstained altar of Trog.
  6799 | D:8      | Found a snail-covered altar of Cheibriados.
  6812 | D:8      | Reached skill level 4 in Invocations
  6822 | D:8      | Reached * piety under Makhleb
  6837 | D:8      | Gained mutation: You are frail (-10% HP). [mutagenic meat]
  6838 | D:8      | Gained mutation: Your flesh is heat resistant. [mutagenic meat]
  6839 | D:8      | Gained mutation: Your flesh is cold resistant. [mutagenic meat]
  6840 | D:8      | Gained mutation: You have a pair of horns on your head. [mutagenic meat]
  6858 | D:8      | Found Zuibiany's Distillery.
  6999 | D:8      | Found a shattered altar of Ashenzari.
  7006 | D:8      | Got a faintly glowing plate armour
  7020 | D:8      | Identified the +14 plate armour of the Storm King {Int+6 Dex-3 Stlth+} (You found it on level 8 of the Dungeon)
  7120 | D:8      | Reached skill level 5 in Invocations
  7453 | D:8      | Identified Sif Muna's Almanac of Earth
  7817 | D:9      | Found a staircase to the Lair.
  7997 | D:9      | Reached ** piety under Makhleb
  8019 | D:9      | Learned a level 3 spell: Regeneration
  8023 | D:9      | Learned a level 3 spell: Spectral Weapon
  8311 | D:9      | Reached skill level 6 in Invocations
  8378 | D:10     | Entered Level 10 of the Dungeon
  8385 | D:10     | Reached skill level 5 in Fighting
  8442 | D:10     | Noticed a troll
  8453 | D:10     | Reached XP level 10. HP: 58/66 MP: 14/14
  8619 | D:10     | Reached *** piety under Makhleb
  8734 | D:10     | Found a staircase to the Orcish Mines.
  8814 | D:11     | Noticed a hill giant
  8818 | D:11     | Reached skill level 7 in Invocations
  8824 | D:11     | Killed a hill giant
  8824 | D:11     | Reached skill level 5 in Armour
  8884 | D:11     | Noticed a cyclops
  8893 | D:11     | Killed a cyclops
  8998 | D:11     | Noticed Grum
  9069 | D:10     | Reached skill level 8 in Invocations
  9156 | D:11     | Killed Grum
  9221 | D:11     | Noticed a green ugly thing
  9228 | D:11     | Killed a green ugly thing
  9228 | D:11     | Reached **** piety under Makhleb
  9303 | D:11     | Reached XP level 11. HP: 74/74 MP: 17/17
  9483 | D:11     | Noticed Maurice
  9524 | D:11     | Noticed a five-headed hydra
  9530 | D:11     | Killed a five-headed hydra
  9530 | D:11     | Reached skill level 9 in Invocations
  9554 | D:11     | Killed Maurice
  9816 | D:12     | Found Not Vynosi's Gadget Emporium.
  9825 | D:12     | Noticed a centaur warrior
  9830 | D:12     | Noticed a green ugly thing
  9836 | D:12     | Killed a centaur warrior
  9849 | D:12     | Killed a green ugly thing
  9955 | D:12     | Reached ***** piety under Makhleb
  9979 | D:12     | Noticed a two-headed hydra
  9991 | D:12     | Killed a one-headed hydra
  9991 | D:12     | Reached skill level 10 in Invocations
 10561 | Lair:1   | Entered Level 1 of the Lair of Beasts
 10648 | Lair:1   | Noticed a catoblepas
 10659 | Lair:1   | Killed a catoblepas
 10870 | Lair:1   | Noticed a seven-headed hydra
 10880 | Lair:1   | Killed a two-headed hydra
 10880 | Lair:1   | Gained mutation: You are mostly covered in iridescent scales (AC +6). [demonic ancestry]
 10880 | Lair:1   | Reached XP level 12. HP: 58/84 MP: 19/19
 11048 | Lair:1   | Noticed Sonja
 11108 | Lair:1   | Killed Sonja
 11324 | Lair:2   | Noticed Gastronok
 11341 | Lair:2   | Killed Gastronok
 11341 | Lair:2   | Reached skill level 11 in Invocations
 11372 | Lair:2   | Found a frozen archway.
 11395 | IceCv    | Entered an ice cave
 11594 | IceCv    | Noticed an ice dragon
 11604 | IceCv    | Noticed an ice dragon
 11606 | IceCv    | Killed an ice dragon
 11616 | IceCv    | Killed an ice dragon
 11616 | IceCv    | Reached ****** piety under Makhleb
 11660 | IceCv    | Got a transparent marble ring
 11888 | Lair:2   | Reached skill level 10 in Fighting
 11897 | Lair:2   | Found a dark tunnel.
 11903 | Volcano  | Entered a volcano
 11905 | Volcano  | Identified the ring of the Original Sin {+Fly Int+4 Dex-3 SInv} (You found it in an ice cave)
 12094 | Volcano  | Reached skill level 12 in Invocations
 12147 | Volcano  | Reached XP level 13. HP: 92/92 MP: 22/22
 12184 | Volcano  | Found an oddly glowing altar of Pakellas.
 12184 | Volcano  | Noticed Urug
 12196 | Volcano  | Killed Urug
 12466 | Lair:2   | Noticed Erica
 12477 | Lair:2   | Killed Erica
 13042 | Lair:3   | Found a staircase to the Shoals.
 13554 | Lair:3   | Reached skill level 13 in Invocations
 13578 | Lair:3   | Reached skill level 10 in Armour
 13989 | Lair:4   | Found a deep blue altar of Sif Muna.
 14217 | Lair:4   | Noticed Harold
 14230 | Lair:4   | Gained mutation: You frequently emit foul miasma when damaged in melee. [demonic ancestry]
 14230 | Lair:4   | Reached XP level 14. HP: 101/101 MP: 24/24
 14243 | Lair:4   | Killed Harold
 15081 | Lair:5   | Reached skill level 14 in Invocations
 15704 | Lair:6   | Found a staircase to the Snake Pit.
 15922 | Lair:6   | Found a staircase to the Slime Pits.
 16900 | Lair:7   | Noticed Nessos
 16925 | Lair:7   | Killed Nessos
 17344 | Lair:8   | Entered Level 8 of the Lair of Beasts
 17356 | Lair:8   | Reached skill level 15 in Invocations
 17584 | Lair:8   | Gained mutation: You have a pair of large horns on your head. [demonic ancestry]
 17584 | Lair:8   | Reached XP level 15. HP: 101/109 MP: 26/26
 17863 | Lair:8   | Found a snail-covered altar of Cheibriados.
 18431 | Lair:8   | Reached skill level 15 in Axes
 19083 | Orc:1    | Entered Level 1 of the Orcish Mines
 19179 | Orc:1    | Found a bloodstained altar of Trog.
 19236 | Orc:1    | Found Linezun's Jewellery Shop.
 19243 | Orc:1    | Reached skill level 16 in Invocations
 19674 | Orc:2    | Entered Level 2 of the Orcish Mines
 19674 | Orc:2    | Found a staircase to the Elven Halls.
 20081 | Orc:2    | Found Xis Null's Quality Used Wands.
 20375 | Orc:2    | Found Raggaibb's Food Shoppe.
 20439 | Orc:2    | Found Wudei's Food Emporium.
 20830 | Orc:2    | Killed from afar by a soul eater

Vault maps used:
D:1:      mrwooster_arrival_arrow
D:2:      first_bread
D:3:      grunt_temple_overflow_holy_war
D:4:      grunt_temple_overflow_forces_of_nature, kennysheep_generic_room_4
D:5:      serial_shops, shop, shop, shop, shop, minmay_misc_feat_plants
D:6:      lemuel_ice_spiral_2, okawaru_altar_gauntlet_db
D:7:      minmay_temple_entry_hall, serial_shops, shop_fountains
D:8:      led_sif_book, grunt_temple_overflow_open, serial_shops, shop,
          basic_altar
D:9:      lair_0_dummy
D:10:     cheibrodos_stairvault_heist
D:11:     uniq_grum, uniq_maurice
D:12:     serial_shops, nicolae_shop_crystal, hangedman_ranch
Temple:   zaba_magenta_temple_12
Lair:1:   grunt_megastairs_4, lemuel_fruit_tree, uniq_sonja
Lair:2:   enter_volcano_3, portal_ice_cave_entry_ice_beasts,
          serial_bayou_lake_a, uniq_erica, uniq_gastronok
Lair:3:   elwin_shoals_entry_rocks, serial_bayou, serial_bayou_shore_b,
          serial_bayou_pond_e, serial_bayou_pond_a, serial_bayou_pond_e,
          grunt_forest_large_clearings
Lair:4:   basic_altar, uniq_urug, uniq_harold
Lair:5:   kilobyte_rumbling_trees
Lair:6:   minmay_snake_entry_six_corridors, dpeg_slime_entry_corner
Lair:7:   uniq_nessos
Lair:8:   minmay_lair_end_enchanted_forest, kennysheep_snail_temple,
          grunt_megastairs_3, infiniplex_staircase_pool_2
Orc:1:    serial_shops, nicolae_shop_competitors_out_of_business,
          trog_butcher_becter
Orc:2:    pf_orc_diabolical, nicolae_for_you_no_charge
IceCv:    ice_cave_small_dragons
Volcano:  volcano_grotto

Skill      XL: |  1  2  3  4  5  6  7  8  9 10 11 12 13 14 15 |
---------------+----------------------------------------------+-----
Axes           | 3 4 5 6 7 9 10 11 12 13 14 15 | 15.2
Invocations    | 3 6 8 10 12 13 15 16 | 16.2
Armour         | 2 4 5 7 9 10 11 12 | 12.3
Fighting       | 3 5 6 8 10 11 12 13 | 13.3
Throwing       | |  1.7
Dodging        | |  2.6

Action                   |  1- 3 |  4- 6 |  7- 9 | 10-12 | 13-15 || total
-------------------------+-------+-------+-------+-------+-------++-------
Melee: War axe           |   118 |   204 |   348 |   604 |   290 ||  1564
       Hand axe          |       |       |       |     8 |  1493 ||  1501
       Flail             |       |       |       |     4 |       ||     4
 Abil: Evoke Flight      |       |       |     1 |       |       ||     1
Evoke: Wand              |       |       |       |     7 |     2 ||     9
  Use: Scroll            |       |       |    15 |     8 |     8 ||    31
       Potion            |       |       |       |     1 |       ||     1
 Stab: Petrifying        |       |       |       |     1 |       ||     1
  Eat: Chunk             |     1 |     9 |    22 |    11 |    30 ||    73
       Fruit             |       |       |       |       |     1 ||     1
